 Dungeon Crawl Stone Soup version 0.20.1-1-g8b1a95d (webtiles) character file.

2151 gobwax the Cleaver (level 9, -2/70 HPs)
             Began as a Hill Orc Fighter on Aug 25, 2017.
             Was a Believer of Uskayaw.
             Slain by a vampire (7 damage)
             ... on level 8 of the Dungeon.
             The game lasted 00:10:47 (5033 turns).

gobwax the Cleaver (Hill Orc Fighter)               Turns: 5033, Time: 00:10:48

Health: -2/70      AC: 14    Str: 27    XL:     9   Next: 31%
Magic:  6/8        EV:  7    Int:  8    God:    Uskayaw [**....]
Gold:   219        SH:  0    Dex: 12    Spells: 8/8 levels left

rFire    . . .     SeeInvis .   I - +3 battleaxe
rCold    . . .     Gourm    .   (shield currently unavailable)
rNeg     . . .     Faith    .   e - +0 plate armour
rPois    .         Spirit   .   H - +0 helmet
rElec    .         Reflect  .   (no cloak)
rCorr    .         Harm     .   (no gloves)
MR       .....                  J - +1 pair of boots
Stlth    ..........             m - amulet of regeneration
Regen    1.1/turn               (no ring)
MPRegen  0.2/turn               (no ring)

@: mighty
A: agile 1, low mp 1, regeneration 1, evolution 1
a: Stomp, Line Pass, Renounce Religion


You were on level 8 of the Dungeon.
You worshipped Uskayaw.
Uskayaw was noncommittal.
You were hungry.

You visited 2 branches of the dungeon, and saw 9 of its levels.

You collected 331 gold pieces.
You spent 112 gold pieces at shops.

Inventory:

Hand Weapons
 a - a +0 war axe
 p - a +4 club
 I - a +3 battleaxe (weapon)
Armour
 b - a +0 scale mail
 c - a +0 shield
 e - a +0 plate armour (worn)
 H - a +0 helmet (worn)
 J - a +1 pair of boots (worn)
Jewellery
 m - an amulet of regeneration (around neck)
 n - an uncursed amulet of magic regeneration
 y - an uncursed ring of protection from cold {unknown}
Wands
 o - a wand of polymorph (9/24)
 z - a wand of acid (5/15)
 A - a wand of disintegration (8/24)
 C - a wand of confusion (43/48)
 K - a wand of acid (3/15)
Scrolls
 g - 2 scrolls of noise {unknown}
 i - 3 scrolls of teleportation {unknown}
 j - 3 scrolls of amnesia {unknown}
 k - 2 scrolls of enchant weapon {unknown}
 l - 6 scrolls of identify {unknown}
 w - 4 scrolls of remove curse {unknown}
 x - a scroll of magic mapping {unknown}
 E - a scroll of immolation {unknown}
Potions
 h - 2 potions of degeneration {unknown}
 q - a potion of flight {unknown}
 s - 2 potions of haste {unknown}
 t - a potion of lignification {unknown}
 B - a potion of magic {unknown}
 D - a potion of berserk rage {unknown}
 F - a potion of curing {unknown}
 G - a potion of agility {unknown}
Comestibles
 f - 3 bread rations
 r - 3 royal jellies
 u - 2 meat rations
 v - 2 fruits


   Skills:
 - Level 3.6 Fighting
 * Level 14.9 Axes
 - Level 3.2 Armour
 - Level 3.2 Shields
 * Level 0.6 Invocations


You had 8 spell levels left.
You didn't know any spells.

Dungeon Overview and Level Annotations

Branches:
Dungeon (8/15)             Temple (1/1) D:5
   Lair: D:8-11

Altars:
Ashenzari
Cheibriados
Dithmenos
Elyvilon
Fedhas
Gozag
Kikubaaqudgha
Makhleb
Nemelex Xobeh
Okawaru
Qazlal
Ru
Sif Muna
Trog
Uskayaw
Vehumet
Xom
Yredelemnul
Zin
The Shining One

Shops:
D:5 *   D:7 (


Innate Abilities, Weirdness & Mutations

You are agile. (Dex +2)
Your magical capacity is low. (-10% MP)
Your natural rate of healing is unusually fast.
You evolve.


Message History

You closely miss the vampire.
The vampire is heavily damaged.
The vampire hits you.
* * * LOW HITPOINT WARNING * * *
The vampire bites you but does no damage.
You feel very mighty all of a sudden.
The vampire drinks a potion.
The vampire is healed!
You hit the vampire.
The vampire is lightly damaged.
The vampire barely misses you. x2
You slash the vampire!
The vampire is severely damaged.
The vampire is infused with unholy energy.
* * * LOW HITPOINT WARNING * * *
The vampire draws life force from you and is healed!
You can now pass through a line of other dancers.
You closely miss the vampire.
The vampire is heavily damaged.
The vampire hits you!
You die...

.......................
#####..†.......########
#..÷.......#
#.......#'##
#.......#.# ########.
+.......#.# #........
#.......#.# #..≈≈....
#.......#.# #..≈≈....
#.....).#@# #..≈≈≈...
#.......#V###.;≈≈≈≈≈.
#.#....;≈≈...
#..........##
###.#......# #.########
#.# #.# ..#


You could see a vampire.

Vanquished Creatures
  The ghost of ThereIsNoGod the Frost Mage, a novice DrIE of Sif Muna (D:6)
  An orc warrior (D:7)
  2 sky beasts
  An ice beast (D:7)
  A black bear (D:4)
  An ogre (D:6)
  2 bullfrogs (D:6)
  3 scorpions
  4 wights (D:6)
  2 howler monkeys (D:5)
  A crimson imp (D:5)
  A hound (D:6)
  An orc priest (D:5)
  A bullfrog skeleton (D:7)
  4 orc wizards
  Jessica (D:2)
  An iguana (D:7)
  5 worker ants
  A killer bee zombie (D:5)
  A hound zombie (D:7)
  A hound skeleton (D:6)
  6 adders
  7 gnolls (D:6)
  2 shadow imps
  An ooze (D:1)
  3 worms
  2 adder skeletons (D:7)
  2 dart slugs (D:1)
  5 leopard geckos
  13 orcs
  4 bats
  4 giant cockroaches
  6 goblins
  5 hobgoblins
  8 jackals
  8 kobolds
  4 quokkas
  4 frilled lizards
  7 rats
127 creatures vanquished.

Notes
Turn   | Place    | Note
-------+----------+-------------------------------------------
     0 | D:1      | gobwax the Hill Orc Fighter began the quest for the Orb.
     0 | D:1      | Reached XP level 1. HP: 19/19 MP: 1/1
    16 | D:1      | Reached skill level 3 in Axes
    43 | D:1      | Reached XP level 2. HP: 18/26 MP: 2/2
    61 | D:1      | Reached skill level 4 in Axes
   239 | D:1      | Reached XP level 3. HP: 20/31 MP: 3/3
   649 | D:2      | Noticed Jessica
   658 | D:2      | Killed Jessica
   658 | D:2      | Reached skill level 5 in Axes
   658 | D:2      | Reached XP level 4. HP: 26/39 MP: 4/4
   826 | D:2      | Found a glowing golden altar of the Shining One.
  1281 | D:3      | Reached skill level 6 in Axes
  1638 | D:3      | Reached XP level 5. HP: 45/45 MP: 5/5
  1836 | D:4      | Noticed a sky beast
  1872 | D:4      | Killed a sky beast
  1872 | D:4      | Reached skill level 7 in Axes
  1996 | D:4      | Reached skill level 8 in Axes
  1996 | D:4      | Reached XP level 6. HP: 33/51 MP: 6/6
  2113 | D:4      | Noticed a black bear
  2122 | D:4      | Killed a black bear
  2122 | D:4      | Reached skill level 9 in Axes
  2308 | D:5      | Entered Level 5 of the Dungeon
  2472 | D:5      | Found a staircase to the Ecumenical Temple.
  2487 | Temple   | Entered the Ecumenical Temple
  2722 | Temple   | Became a worshipper of Uskayaw the Reveler
  2845 | D:5      | Reached * piety under Uskayaw
  2919 | D:5      | Found Xuoqisot's General Store.
  2922 | D:5      | Bought a potion of mutation for 112 gold pieces
  2922 | D:5      | Gained mutation: Your mind is acute. (Int +2) [potion of mutation]
  2922 | D:5      | Gained mutation: You are partially covered in molten scales. (AC +2) [potion of mutation]
  2923 | D:5      | Lost mutation: Your mind is acute. (Int +2) [potion of mutation]
  2923 | D:5      | Lost mutation: You are partially covered in molten scales. (AC +2) [potion of mutation]
  2923 | D:5      | Gained mutation: You are agile. (Dex +2) [potion of mutation]
  2923 | D:5      | Gained mutation: Your magical capacity is low. (-10% MP) [potion of mutation]
  2923 | D:5      | Gained mutation: Your natural rate of healing is unusually fast. [potion of mutation]
  2923 | D:5      | Gained mutation: You evolve. [potion of mutation]
  2950 | D:5      | Reached ** piety under Uskayaw
  2952 | D:5      | Reached XP level 7. HP: 57/57 MP: 6/6
  2957 | D:5      | Reached *** piety under Uskayaw
  3023 | D:5      | Reached skill level 10 in Axes
  3095 | D:5      | Reached **** piety under Uskayaw
  3401 | D:5      | You fall through a shaft for 2 floors!
  3432 | D:7      | Reached skill level 11 in Axes
  3441 | D:7      | Reached XP level 8. HP: 54/64 MP: 7/7
  3511 | D:7      | Found Kyerchigh's Weapon Boutique.
  3530 | D:7      | Gained mutation: You tend to lose your temper in combat. [evolution]
  3587 | D:7      | Found a shadowy altar of Dithmenos.
  3607 | D:6      | Reached skill level 12 in Axes
  3726 | D:6      | Found a sacrificial altar of Ru.
  3770 | D:6      | Found a blossoming altar of Fedhas.
  3916 | D:6      | Noticed ThereIsNoGod's ghost (novice DrIE)
  3937 | D:6      | Killed ThereIsNoGod's ghost
  3937 | D:6      | Reached skill level 13 in Axes
  4049 | D:6      | Reached XP level 9. HP: 70/70 MP: 8/8
  4113 | D:6      | Reached skill level 14 in Axes
  4513 | D:7      | Found a deep blue altar of Sif Muna.
  4750 | D:7      | Lost mutation: You tend to lose your temper in combat. [evolution]
  5033 | D:8      | Slain by a vampire

Skill      XL: |  1  2  3  4  5  6  7  8  9 |
---------------+----------------------------+-----
Axes           | 3 4 5 6 8 9 11 13 14 | 14.9
Fighting       | |  3.6
Armour         | |  3.2
Shields        | |  3.2
Invocations    | |  0.6

Action                   |  1- 3 |  4- 6 |  7- 9 || total
-------------------------+-------+-------+-------++-------
Melee: War axe           |    89 |   178 |   241 ||   508
       Unarmed           |     1 |       |       ||     1
       Battleaxe         |       |       |    40 ||    40
Invok: Stomp             |       |       |     5 ||     5
       Line Pass         |       |       |     1 ||     1
  Use: Potion            |       |     2 |     1 ||     3
 Stab: Paralysed         |       |       |    11 ||    11
  Eat: Chunk             |       |     6 |     8 ||    14
Armor: Plate armour      |    68 |    90 |   155 ||   313
Dodge: Dodged            |    11 |    26 |    37 ||    74
Block: Shield            |    54 |    73 |    93 ||   220
